 Dungeon Crawl Stone Soup version 0.18.1-5-g4a78601 (webtiles) character file.

45 shmeve the Cudgeler (level 3, -3/36 HPs)
             Began as a Troll Berserker on May 14, 2016.
             Was a Follower of Trog.
             Killed from afar by Natasha (7 damage)
             ... with a magic dart
             ... on level 2 of the Dungeon.
             The game lasted 00:01:24 (442 turns).

shmeve the Cudgeler (Troll Berserker)                Turns: 442, Time: 00:01:25

Health: -3/36      AC:  5    Str: 25    XL:     3   Next: 42%
Magic:  2/2        EV: 10    Int:  4    God:    Trog [*.....]
Gold:   16         SH:  0    Dex:  9    Spells: 0 memorised, 2 levels left

rFire  . . .     SeeInvis .     a - +0 mace
rCold  . . .     Gourm    +     b - +0 animal skin
rNeg   . . .     Faith    .     (no shield)
rPois  .         Spirit   .     (helmet restricted)
rElec  .         Dismiss  .     (no cloak)
rCorr  .         Reflect  .     (gloves unavailable)
SustAt .         Harm     .     (boots unavailable)
MR     .....                    (no amulet)
Stlth  +.........               (no ring)
                                (no ring)

@: exhausted, slowed, very slow, not resistant to hostile enchantments, very
unstealthy
A: unfitting armour, claws 3, fast metabolism 3, gourmand, regeneration 2,
shaggy fur 1, tough skin 2
a: Berserk, Burn Spellbooks, Renounce Religion


You were on level 2 of the Dungeon.
You worshipped Trog.
Trog was aware of your devotion.
You were full.

You visited 1 branch of the dungeon, and saw 2 of its levels.

You collected 16 gold pieces.

Inventory:

Hand Weapons
 a - a +0 mace (weapon)
Armour
 b - a +0 animal skin (worn)
Scrolls
 d - 2 scrolls of identify {unknown}
 f - a scroll of remove curse {unknown}
Potions
 e - a potion of might {unknown}
 g - a potion of flight {unknown}
 h - a potion of brilliance {unknown}
Comestibles
 c - 3 bread rations


   Skills:
 * Level 2.8 Fighting
 * Level 3.0 Maces & Flails
 + Level 1.0 Throwing
 * Level 2.9 Dodging


You had 2 spell levels left.
You didn't know any spells.

Dungeon Overview and Level Annotations

Branches:
Dungeon (1/15)

Altars:

Annotations:
D:2 Natasha


Innate Abilities, Weirdness & Mutations

You are too large for most types of armour.
You have claws for hands.
Your metabolism is lightning-fast.
You like to eat raw meat.
You heal very quickly.
You are covered in fur (AC +1).
You have very tough skin (AC +2).


Message History

Natasha barely misses you. The iron imp closely misses you.
You closely miss Natasha.
Natasha is heavily wounded.
The crimson imp blinks!
Natasha claws you but does no damage. The iron imp hits you. Natasha claws you!
You hit Natasha.
Natasha is almost dead.
Natasha casts a spell.
The iron imp spits at you. The iron imp hits you.
The crimson imp blinks!
Natasha claws you!
* * * LOW HITPOINT WARNING * * *
Unknown command.
You barely miss Natasha.
Natasha is almost dead.
The iron imp hits you!
* * * LOW HITPOINT WARNING * * *
The crimson imp blinks!
Natasha casts a spell at you. The magic dart hits you!
You die...

#### .. ...###...
#######$.......
###.........#....
..#..............
#........5ยง...#
$#........5h.#
..........@..#
..$..........#
.$.........5#
#..$.......#
##......)..# #
..###.........#
#. ##
..........#####
####..##.
####(......###
.........
#((.#.......
.........


You could see an iron imp, Natasha and 2 crimson imps.

Vanquished Creatures
  Natasha (D:2)
  2 worms (D:2)
  A giant gecko (D:1)
  A giant cockroach (D:2)
  4 hobgoblins (D:1)
  4 kobolds
  A rat (D:2)
14 creatures vanquished.

Notes
Turn   | Place    | Note
--------------------------------------------------------------
     0 | D:1      | shmeve the Troll Berserker began the quest for the Orb.
     0 | D:1      | Reached XP level 1. HP: 22/22 MP: 0/0
   221 | D:1      | Reached XP level 2. HP: 27/29 MP: 1/1
   237 | D:1      | You fall through a shaft!
   415 | D:2      | Noticed Natasha
   422 | D:2      | Killed Natasha
   422 | D:2      | Reached skill level 3 in Maces & Flails
   422 | D:2      | Reached skill level 1 in Throwing
   422 | D:2      | Reached XP level 3. HP: 36/36 MP: 2/2
   435 | D:2      | Noticed Natasha
   442 | D:2      | Killed from afar by Natasha

Skill      XL: |  1  2 |
---------------+-------+-----
Maces & Flails | 3 |  3.0
Throwing       | 1 |  1.0
Fighting       | |  2.8
Dodging        | |  2.9

Action                   || total
-------------------------++-------
Melee: Mace              ||    54
Invok: Berserk           ||     1
  Eat: Chunk             ||     8
Armor: Animal skin       ||    14
Dodge: Dodged            ||    29
